[Event "Titled Tuesday Blitz August 17 2021"]
[White "Primbetov, Kazbek"]
[Black "Ozen, Bahadir"]
[WhiteFideId "13702297"]
[BlackFideId "6337058"]
[WhiteElo "2184"]
[BlackElo "2503"]
[Result "0-1"]
[Round "04"]
[TimeControl "180+1"]
[Date "2021.08.17"]
[WhiteClock "0:00:02"]
[BlackClock "0:00:02"]

1. d4 e6 2. Bf4 Nf6 3. e3 Be7 4. c3 c5 5. Nd2 b6 6. Bd3 Bb7 7. Ngf3 Nh5 8. Bg3 d6 9. Qe2 Nd7 10. O-O-O a6 11. Kb1 Qc7 12. e4 Nxg3 13. hxg3 b5 14. e5 d5 15. Bxh7 b4 16. Bc2 Rxh1 17. Rxh1 bxc3 18. bxc3 Rb8 19. Ka1 Qa5 20. Qe3 Bc6 21. Rb1 Rxb1+ 22. Bxb1 Qa3 23. c4 Qa5 24. Nb3 Qb4 25. cxd5 Bxd5 26. dxc5 Nxc5 27. Nfd4 Qa3 28. f4 Nxb3+ 29. Nxb3 g6 30. Qc3 Kf8 31. g4 Qa4 32. f5 gxf5 33. gxf5 Bxb3 34. Qxb3 Qd4+ 35. Qb2 Bc5 36. a3 Qd1 37. Ka2 Bd4 38. Qb8+ Kg7 39. f6+ Kh6 40. Qh8+ Kg5 41. Qg7+ Kh4 42. g3+ Kh3 43. Qh6+ Kg2 44. Be4+ Kf2 45. Qh2+ Ke3 0-1


[Site "https://www.chess.com"]

[Event "Titled Tuesday Blitz August 17 2021"]
[White "Priyanka Nutakki"]
[Black "Gunina, Valentina"]
[WhiteFideId "25049615"]
[BlackFideId "4167570"]
[WhiteElo "1916"]
[BlackElo "2399"]
[Result "0-1"]
[Round "04"]
[TimeControl "180+1"]
[Date "2021.08.17"]
[WhiteClock "0:00:02"]
[BlackClock "0:00:06"]

1. d4 d5 2. Bf4 c6 3. e3 Nf6 4. Bd3 Bg4 5. Ne2 e6 6. c4 dxc4 7. Bxc4 Nd5 8. Bg3 Bb4+ 9. Kf1 Nd7 10. a3 Ba5 11. b4 Bb6 12. e4 N5f6 13. f3 Bh5 14. Nbc3 O-O 15. Bd6 Re8 16. g4 Bg6 17. h4 h6 18. Nf4 Bxd4 19. Qxd4 e5 20. Qd2 exf4 21. h5 Bh7 22. Qxf4 Nb6 23. Bb3 Qd7 24. Rd1 Re6 25. Bxe6 Qxe6 26. e5 Nfd5 27. Nxd5 Nxd5 28. Qd4 f6 29. Kf2 Rd8 30. Rhe1 f5 31. Kg3 a6 32. a4 Kh8 33. b5 axb5 34. axb5 Rg8 35. bxc6 bxc6 36. Rg1 fxg4 37. fxg4 g6 38. Kh2 Rg7 39. hxg6 Bxg6 40. Rdf1 Kh7 41. Rf3 Rb7 42. Rg2 Rd7 43. Rh3 Rf7 44. Qd2 Be4 45. Rf2 Rg7 46. Rf6 Nxf6 47. Qxh6+ Kg8 48. exf6 Qxd6+ 49. Rg3 Rh7 50. f7+ Kxf7 0-1


[Site "https://www.chess.com"]

[Event "Titled Tuesday Blitz August 17 2021"]
[White "Prraneeth Vuppala"]
[Black "Demchenko, Anton"]
[WhiteFideId "46622373"]
[BlackFideId "4160258"]
[WhiteElo "1759"]
[BlackElo "2583"]
[Result "0-1"]
[Round "04"]
[TimeControl "180+1"]
[Date "2021.08.17"]
[WhiteClock "0:00:26"]
[BlackClock "0:00:58"]

1. e4 e5 2. Nf3 Nc6 3. Bb5 a6 4. Ba4 Nge7 5. O-O Ng6 6. d4 exd4 7. Nxd4 Nxd4 8. Qxd4 b5 9. Bb3 Bb7 10. Qd3 Bd6 11. f4 O-O 12. a4 b4 13. Nd2 Nxf4 14. Qe3 Qe7 15. Kh1 Ng6 16. Nc4 Bc5 17. Qh3 Bxe4 18. Be3 d5 19. Bxc5 Qxc5 20. Ne3 c6 21. Ng4 Qd4 22. c3 bxc3 23. bxc3 Qd2 24. Rad1 Qb2 25. c4 Rab8 26. cxd5 Rxb3 0-1


[Site "https://www.chess.com"]

[Event "Titled Tuesday Blitz August 17 2021"]
[White "Quintiliano Pinto, Renato R."]
[Black "Nayem, Haque"]
[WhiteFideId "2117568"]
[BlackFideId "10217754"]
[WhiteElo "2439"]
[BlackElo "1982"]
[Result "1-0"]
[Round "04"]
[TimeControl "180+1"]
[Date "2021.08.17"]
[WhiteClock "0:02:18"]
[BlackClock "0:02:34"]

1. d4 Nf6 2. c4 e6 3. Nf3 d5 4. Nc3 Bb4 5. Bg5 O-O 6. cxd5 exd5 7. e3 h6 8. Bh4 Be6 9. Bd3 Nbd7 10. O-O c5 11. dxc5 Nxc5 12. Rc1 Rc8 13. Nd4 Nxd3 14. Qxd3 Bxc3 15. Bxf6 Qxf6 16. Rxc3 Rxc3 17. Qxc3 Rc8 18. Qb3 b6 19. Qa3 Qe7 20. Qxe7 1-0


[Site "https://www.chess.com"]

[Event "Titled Tuesday Blitz August 17 2021"]
[White "Quparadze, Giga"]
[Black "Shtyka, Sergey"]
[WhiteFideId "13602250"]
[BlackFideId "4138465"]
[WhiteElo "2658"]
[BlackElo "2064"]
[Result "1-0"]
[Round "04"]
[TimeControl "180+1"]
[Date "2021.08.17"]
[WhiteClock "0:02:05"]
[BlackClock "0:00:21"]

1. e4 c5 2. Nc3 Nc6 3. Bb5 g6 4. Bxc6 dxc6 5. d3 Bg7 6. Be3 b6 7. Qd2 e5 8. h3 Ne7 9. f4 exf4 10. Bxf4 O-O 11. Nf3 Ba6 12. Bh6 c4 13. Bxg7 Kxg7 14. d4 b5 15. a3 c5 16. dxc5 Qxd2+ 17. Nxd2 Rac8 18. b4 cxb3 19. Nxb3 Nc6 20. O-O-O b4 21. axb4 Nxb4 22. Nd5 Nc6 23. Rhe1 Ne5 24. Ne7 Rc7 25. Nd5 Rcc8 26. Ne3 Rc7 27. Rd5 f6 28. Rd6 Bc4 29. Nxc4 Nxc4 30. Rd4 Ne5 31. Red1 Rfc8 32. Ra4 h5 33. Rd5 g5 34. Ra6 g4 35. Nd4 Kg6 36. Rxe5 1-0


[Site "https://www.chess.com"]

[Event "Titled Tuesday Blitz August 17 2021"]
[White "Real De Azua, Ernesto"]
[Black "Kukhmazov, Arsen"]
[WhiteFideId "108154"]
[BlackFideId "24108260"]
[WhiteElo "2476"]
[BlackElo "2453"]
[Result "1-0"]
[Round "04"]
[TimeControl "180+1"]
[Date "2021.08.17"]
[WhiteClock "0:00:04"]
[BlackClock "0:00:03"]

1. Nf3 d5 2. e3 Nf6 3. c4 c6 4. Nc3 e6 5. b3 Bd6 6. Bb2 O-O 7. Be2 e5 8. cxd5 cxd5 9. Nb5 Nc6 10. Nxd6 Qxd6 11. d4 e4 12. Ne5 Ne7 13. O-O Ne8 14. h3 f6 15. Ng4 Nc6 16. Qd2 Be6 17. Rfc1 Nc7 18. a4 a5 19. Ba3 Nb4 20. Bxb4 axb4 21. Rc2 Bxg4 22. Bxg4 f5 23. Be2 Ne6 24. Rac1 Qe7 25. g3 g5 26. Kh1 Kg7 27. Rc5 Nxc5 28. dxc5 Rad8 29. Qxb4 f4 30. gxf4 gxf4 31. Rg1+ Kh8 32. Qd4+ Qf6 33. b4 Qxd4 34. exd4 e3 35. fxe3 fxe3 36. b5 Rf2 37. Re1 Ra8 38. c6 bxc6 39. bxc6 Kg7 40. Bg4 Ra7 41. Rxe3 Rff7 42. Rf3 Rfc7 43. Rf5 Rxc6 44. Rxd5 Rxa4 45. Rd7+ Kh6 46. Kg2 Rc2+ 47. Kg3 Ra3+ 48. Kh4 Rc4 49. Bf5 Ra7 50. Rxa7 Rxd4+ 51. Bg4 Rd6 52. Rb7 Rf6 53. Rd7 Rc6 54. Rd5 Rb6 55. Rh5+ Kg6 56. Rg5+ Kh6 57. Rf5 Kg6 58. Rf4 Ra6 59. Kg3 h6 60. h4 Ra3+ 61. Bf3 Ra5 62. Kg4 Rb5 63. Rc4 Rb6 64. Be4+ Kf6 65. Bf3 Ra6 66. Rf4+ Kg7 67. h5 Rf6 68. Re4 Ra6 69. Re7+ Kf6 70. Re3 Ra4+ 71. Be4 Ra5 72. Bg6 Rg5+ 73. Kf4 Ra5 74. Rb3 Ra4+ 75. Kf3 Ra6 76. Rd3 Rb6 77. Rd8 Rb3+ 78. Ke4 Rb4+ 79. Ke3 Rb3+ 80. Kd4 Rb4+ 81. Kc3 Rb6 82. Rh8 Kg5 83. Rg8 Kf6 84. Kd4 Rd6+ 85. Ke4 Re6+ 86. Kf4 Ra6 87. Rh8 Ra4+ 88. Be4 Kg7 89. Rh7+ Kg8 90. Rxh6 Ra1 91. Rb6 Rf1+ 92. Kg5 Rg1+ 93. Kf6 Rf1+ 94. Bf5 1-0


[Site "https://www.chess.com"]

[Event "Titled Tuesday Blitz August 17 2021"]
[White "Rodriguez Hernandez, Luis Daniel"]
[Black "Kozin, Yuri"]
[WhiteFideId "3506770"]
[BlackFideId "4129920"]
[WhiteElo "2133"]
[BlackElo "2513"]
[Result "1-0"]
[Round "04"]
[TimeControl "180+1"]
[Date "2021.08.17"]
[WhiteClock "0:00:22"]
[BlackClock "0:00:07"]

1. e4 c5 2. c3 Nf6 3. e5 Nd5 4. d4 cxd4 5. Nf3 e6 6. Bc4 b6 7. O-O Bb7 8. Nxd4 Be7 9. Nd2 d6 10. Bb5+ Kf8 11. Qf3 Qc8 12. exd6 Bxd6 13. Nc4 Be7 14. Re1 Nc7 15. Bc6 Nxc6 16. Nxc6 Nd5 17. N4e5 Bf6 18. Nd4 h5 19. Bg5 h4 20. h3 Kg8 21. Bxf6 Nxf6 22. Qf4 Rh5 23. Nb5 Qd8 24. Rad1 Qf8 25. Nd6 Bd5 26. Ndxf7 Nh7 27. c4 Rf5 28. Qg4 1-0


[Site "https://www.chess.com"]

[Event "Titled Tuesday Blitz August 17 2021"]
[White "Ronka, Erik"]
[Black "Dronavalli, Harika"]
[WhiteFideId "505080"]
[BlackFideId "5015197"]
[WhiteElo "2264"]
[BlackElo "2422"]
[Result "1-0"]
[Round "04"]
[TimeControl "180+1"]
[Date "2021.08.17"]
[WhiteClock "0:00:10"]
[BlackClock "0:00:13"]

1. d4 Nf6 2. c4 g6 3. Nc3 d5 4. Bf4 Bg7 5. e3 O-O 6. Rc1 c5 7. dxc5 Ne4 8. cxd5 Qa5 9. Ne2 Nd7 10. f3 Nxc3 11. Nxc3 Nxc5 12. Be2 Na4 13. Qb3 Nxc3 14. bxc3 b6 15. O-O Ba6 16. Bxa6 Qxa6 17. c4 Rfc8 18. d6 exd6 19. Bxd6 Rc6 20. Bb4 Rac8 21. Rfd1 Be5 22. Rd7 R6c7 23. Rxc7 Rxc7 24. a3 Kg7 25. Qd3 Qc8 26. f4 Bf6 27. h3 a5 28. Bc3 Qe6 29. Bxf6+ Qxf6 30. Qd4 Rc5 31. Kf2 h5 32. Ke2 Rc6 33. Qxf6+ Kxf6 34. Rb1 Ke6 35. Rb5 Kd7 36. e4 Kc7 37. Kd3 Re6 38. Rd5 Re7 39. g4 hxg4 40. hxg4 Re8 41. e5 Rh8 42. Ke4 Rh1 43. f5 gxf5+ 44. gxf5 Re1+ 45. Kf4 Rg1 46. e6 fxe6 47. fxe6 Re1 48. Kf5 Rf1+ 49. Ke5 Kc6 50. e7 Re1+ 51. Kf6 b5 52. Rxb5 Kd7 53. Re5 Rf1+ 54. Kg5 Ke8 55. c5 Ra1 56. c6 Rxa3 57. Rc5 Rg3+ 58. Kf4 Rg8 59. c7 Kxe7 60. c8=Q Rxc8 61. Rxc8 Kd6 62. Ra8 Kc5 63. Rxa5+ Kb4 64. Re5 Kc4 65. Ke4 1-0


[Site "https://www.chess.com"]

[Event "Titled Tuesday Blitz August 17 2021"]
[White "Rozhkov, Viacheslav"]
[Black "Korchmar, Vasiliy"]
[WhiteFideId "4181484"]
[BlackFideId "24131750"]
[WhiteElo "2324"]
[BlackElo "2370"]
[Result "1-0"]
[Round "04"]
[TimeControl "180+1"]
[Date "2021.08.17"]
[WhiteClock "0:00:47"]
[BlackClock "0:01:43"]

1. e4 c5 2. Nf3 d6 3. d4 cxd4 4. Nxd4 Nf6 5. Nc3 Nc6 6. Bc4 e6 7. Be3 a6 8. Qe2 Be7 9. O-O-O O-O 10. f3 Qc7 11. g4 Na5 12. Bb3 b5 13. Kb1 b4 14. Na4 Nxb3 15. cxb3 d5 16. Rc1 Qd6 17. e5 Qxe5 18. Nc6 Qd6 19. Nxe7+ Qxe7 20. Bc5 Qe8 21. Bxf8 Qxf8 22. Nb6 Rb8 23. Nxc8 Rxc8 24. Qxa6 Ra8 25. Qb7 d4 26. Rc7 Nd5 27. Rxf7 Qxf7 28. Qxa8+ Qf8 29. Qxf8+ Kxf8 30. a4 Ne3 31. a5 Ke7 32. a6 Nd5 33. Kc2 Kd6 34. a7 Nb6 35. Kd3 Kd5 36. Ra1 Na8 37. Ra5+ Kc6 38. Kxd4 Kb6 39. Re5 Kxa7 40. Rxe6 Nb6 41. Re7+ Ka6 42. Rxg7 Nc8 43. Rxh7 Nd6 44. Rh6 Ka5 45. Rxd6 Kb5 46. g5 Ka5 47. g6 Kb5 48. g7 Ka5 49. g8=Q Kb5 50. Qd5# 1-0


[Site "https://www.chess.com"]

[Event "Titled Tuesday Blitz August 17 2021"]
[White "Sadovsky, Artem"]
[Black "Mekhitarian, Krikor Sevag"]
[WhiteFideId "4155840"]
[BlackFideId "2107660"]
[WhiteElo "2442"]
[BlackElo "2598"]
[Result "0-1"]
[Round "04"]
[TimeControl "180+1"]
[Date "2021.08.17"]
[WhiteClock "0:00:01"]
[BlackClock "0:00:14"]

1. Nf3 g6 2. h4 Bg7 3. h5 e5 4. d3 d5 5. h6 Bf6 6. c4 dxc4 7. Qa4+ Nc6 8. Qxc4 Be6 9. Qa4 Ne7 10. Nc3 O-O 11. Bg5 Bxg5 12. Nxg5 Nd4 13. Nxe6 Nxe6 14. g3 c6 15. Bg2 Nf5 16. Rd1 Re8 17. Ne4 Nd6 18. Nd2 Nd4 19. Rc1 Kh8 20. Nf3 Nxf3+ 21. Bxf3 Nf5 22. Qb4 Qb6 23. Qxb6 axb6 24. a3 b5 25. Bg4 Nd6 26. e3 f5 27. Bf3 Kg8 28. Ke2 Kf7 29. Rcd1 Kf6 30. Bg2 Red8 31. d4 e4 32. f3 exf3+ 33. Bxf3 Re8 34. Rd3 Re7 35. g4 f4 36. Kf2 fxe3+ 37. Rxe3 Rxe3 38. Kxe3 Kg5 39. Be2 Re8+ 40. Kd2 Ne4+ 41. Ke1 Ng3 42. Rh2 Nxe2 43. Rxe2 Rxe2+ 44. Kxe2 Kxg4 45. Ke3 Kg5 46. d5 cxd5 47. Kd4 Kxh6 48. Kc5 g5 49. Kb6 d4 50. Kxb7 d3 51. a4 bxa4 52. b4 axb3 0-1


[Site "https://www.chess.com"]

[Event "Titled Tuesday Blitz August 17 2021"]
[White "Sapunov, Evgeny"]
[Black "Tang, Andrew"]
[WhiteFideId "4126661"]
[BlackFideId "2059630"]
[WhiteElo "2470"]
[BlackElo "2588"]
[Result "0-1"]
[Round "04"]
[TimeControl "180+1"]
[Date "2021.08.17"]
[WhiteClock "0:00:09"]
[BlackClock "0:00:04"]

1. c4 e6 2. Nf3 d5 3. d4 Nf6 4. Nc3 Be7 5. Bg5 h6 6. Bh4 O-O 7. e3 b6 8. Qb3 Bb7 9. Bxf6 Bxf6 10. cxd5 exd5 11. Rd1 c6 12. Bd3 Na6 13. O-O Nc7 14. Rfe1 Ne6 15. Bb1 Re8 16. Qc2 g6 17. Ne5 Qe7 18. f4 Ng7 19. Qf2 Rad8 20. a3 Qc7 21. Kh1 Bc8 22. Ba2 Be6 23. h3 Nf5 24. g3 Nd6 25. Kh2 Bf5 26. g4 Ne4 27. Nxe4 Bxe4 28. Bb1 Bxb1 29. Rxb1 c5 30. Rbc1 Rc8 31. Qf3 Qd6 32. Kg2 Kg7 33. Kg3 Qd8 34. Kg2 c4 35. e4 Bh4 36. Re2 dxe4 37. Qxe4 b5 38. d5 Qb6 39. Rd1 Bf6 40. Qf3 Qd6 41. Rde1 Rcd8 42. Nc6 Rxe2+ 43. Rxe2 Rd7 44. Rd2 a6 45. Qe4 a5 46. a4 Qc5 47. axb5 Qxb5 48. Ne5 Rd8 49. Nxc4 Qb4 50. Qd3 Rc8 51. Rc2 a4 52. d6 Re8 53. d7 Rd8 54. Rd2 Qb5 55. Kf3 Qb7+ 56. Qd5 Qb3+ 57. Rd3 Qc2 58. g5 hxg5 59. fxg5 Bxb2 60. Rd2 Qb3+ 61. Rd3 Qc2 62. Rd2 Qb3+ 63. Rd3 Qa2 64. Rd2 a3 65. Nxb2 axb2 66. Qe5+ Kh7 67. Rxb2 Qa8+ 68. Qe4 Qa3+ 69. Kg4 Qxb2 70. Qe7 Qd4+ 71. Kg3 Rxd7 0-1


[Site "https://www.chess.com"]

[Event "Titled Tuesday Blitz August 17 2021"]
[White "Sarana, Alexey"]
[Black "Khanin, Semen"]
[WhiteFideId "24133795"]
[BlackFideId "4111990"]
[WhiteElo "2646"]
[BlackElo "2521"]
[Result "0-1"]
[Round "04"]
[TimeControl "180+1"]
[Date "2021.08.17"]
[WhiteClock "0:00:02"]
[BlackClock "0:00:04"]

1. d4 Nf6 2. c4 e6 3. Nf3 d5 4. Nc3 Nbd7 5. Bf4 dxc4 6. e3 Nb6 7. Bxc4 Bd6 8. Bg3 Nxc4 9. Qa4+ c6 10. Qxc4 O-O 11. Bxd6 Qxd6 12. Ne5 b6 13. Qxc6 Qxc6 14. Nxc6 Bb7 15. Ne5 Bxg2 16. Rg1 Bb7 17. Rc1 Rac8 18. f3 Nd5 19. Ke2 f6 20. Nd3 Kf7 21. e4 Nxc3+ 22. Rxc3 Rxc3 23. bxc3 Ba6 24. Kd2 g5 25. Nb4 Bc4 26. Nc2 h6 27. Ne3 Ba6 28. h4 gxh4 29. Rh1 h5 30. Rxh4 Kg6 31. Ng2 e5 32. Ne3 Bc8 33. Rh2 Rh8 34. Ng2 Kg5 35. Nh4 Rd8 36. Ke3 Bd7 37. d5 Rc8 38. Kd2 Rc4 39. Kd3 Bb5 40. Kc2 a5 41. Nf5 Bd7 42. Nd6 Rc7 43. Kd2 h4 44. Kd3 h3 45. c4 Kf4 46. Rh1 Kxf3 47. Rb1 h2 48. Nf7 Kg2 49. Rb2+ Kg3 50. Rb1 Bh3 51. Nh6 Bg2 52. Ng8 h1=Q 53. Rxh1 Bxh1 54. Nxf6 Kf4 55. d6 Rc6 56. Nd5+ Kg5 57. d7 Rd6 58. Ke3 Rxd7 59. Nxb6 Rc7 60. Kd3 Rc6 61. Nd5 Kg4 62. a3 Bg2 63. Ne3+ Kf3 64. c5 Rxc5 0-1


[Site "https://www.chess.com"]

[Event "Titled Tuesday Blitz August 17 2021"]
[White "Sengupta, Deep"]
[Black "Rodchenkov, Sergey D."]
[WhiteFideId "5008352"]
[BlackFideId "4168712"]
[WhiteElo "2347"]
[BlackElo "2306"]
[Result "1-0"]
[Round "04"]
[TimeControl "180+1"]
[Date "2021.08.18"]
[WhiteClock "0:00:06"]
[BlackClock "0:00:02"]

1. d4 d5 2. c4 dxc4 3. e4 e5 4. Nf3 exd4 5. Bxc4 Nc6 6. Nbd2 Nf6 7. O-O Be7 8. Nb3 O-O 9. e5 Nd7 10. e6 fxe6 11. Bxe6+ Kh8 12. Nbxd4 Nxd4 13. Nxd4 Nf6 14. Be3 Qe8 15. Bxc8 Rxc8 16. Ne6 Rg8 17. Qb3 b6 18. Rfe1 Qg6 19. h3 Bd6 20. Bf4 Bxf4 21. Nxf4 Qf5 22. Ne6 c5 23. g4 Qg6 24. f4 c4 25. Qf3 Qf7 26. f5 Nd7 27. Re4 Qf6 28. Qc3 Qxc3 29. bxc3 Nf6 30. Rd4 h6 31. Rad1 Rge8 32. Kg2 g6 33. Nf4 gxf5 34. Rd6 Ng8 35. gxf5 Rf8 36. Ng6+ Kg7 37. Nxf8 Rxf8 38. Rd7+ Rf7 39. Rxf7+ Kxf7 40. Rd7+ Ne7 41. Rxa7 Kf6 42. Rb7 Nd5 43. Rh7 Kxf5 44. Rxh6 Nxc3 45. Rxb6 Nxa2 46. Rb2 Nc3 47. Rc2 Nd5 48. Kf3 c3 49. Ra2 Nb4 50. Ra5+ Kg6 51. Rc5 c2 52. Ke4 Kh6 53. Rc4 Na6 54. Rxc2 Nb8 55. Kf4 Nd7 56. Kg3 Kh7 57. Rc6 Kg7 58. Kf4 Kf7 59. Kg5 Nf8 60. Rc7+ Kg8 61. Rc8 Kf7 62. Ra8 Ne6+ 63. Kg4 Ng7 64. h4 Kg6 65. Ra6+ Kh7 66. Kg5 1-0


[Site "https://www.chess.com"]

[Event "Titled Tuesday Blitz August 17 2021"]
[White "Seo, Jung Min"]
[Black "Lee, Qing Aun"]
[WhiteFideId "1734687"]
[BlackFideId "5804167"]
[WhiteElo "2486"]
[BlackElo "2023"]
[Result "1-0"]
[Round "04"]
[TimeControl "180+1"]
[Date "2021.08.17"]
[WhiteClock "0:01:44"]
[BlackClock "0:00:11"]

1. e4 e6 2. d4 d5 3. Nd2 Be7 4. Ngf3 Nf6 5. e5 Nfd7 6. Bd3 c5 7. c3 Nc6 8. O-O Qb6 9. dxc5 Nxc5 10. Bc2 Qc7 11. Qe2 h6 12. Nb3 a5 13. Re1 b6 14. Nbd4 Ba6 15. Qe3 g5 16. Nxc6 Qxc6 17. Nd4 Qc7 18. Qg3 a4 19. Rb1 O-O-O 20. b4 axb3 21. axb3 h5 22. Ra1 h4 23. Qe3 Bb7 24. b4 Ne4 25. Nb5 Qd7 26. Qxb6 Rdg8 27. Ba4 Bd8 28. Qd4 Qe7 29. Na7+ Kb8 30. Nc6+ Bxc6 31. Bxc6 h3 32. Ra8+ Kc7 33. Ba4 hxg2 1-0


[Site "https://www.chess.com"]

[Event "Titled Tuesday Blitz August 17 2021"]
[White "Seul, Georg"]
[Black "Itkis, Boris"]
[WhiteFideId "4601653"]
[BlackFideId "1209167"]
[WhiteElo "2332"]
[BlackElo "2226"]
[Result "1-0"]
[Round "04"]
[TimeControl "180+1"]
[Date "2021.08.18"]
[WhiteClock "0:00:09"]
[BlackClock "0:00:09"]

1. e4 e5 2. Nc3 Nf6 3. f4 d5 4. fxe5 Nxe4 5. Qf3 Nxc3 6. bxc3 c5 7. Bb5+ Bd7 8. Rb1 Bxb5 9. Rxb5 Qd7 10. c4 a6 11. Rb1 Nc6 12. cxd5 Nxe5 13. Qe4 Qe7 14. Nf3 Nxf3+ 15. gxf3 O-O-O 16. Qxe7 Bxe7 17. c4 Bh4+ 18. Kd1 Rhe8 19. Bb2 f6 20. a4 Re7 21. Bc3 Rde8 22. Kc2 Bg5 23. Rb6 Re2 24. Rhb1 R8e7 25. h3 Rf2 26. Ba5 Bf4 27. R1b3 Rh2 28. Rd3 Rxh3 29. d6 Rd7 30. Rd5 Rxf3 31. Rxc5+ Kb8 32. Rd5 g5 33. c5 Ka8 34. c6 bxc6 35. Rxc6 g4 36. Rc7 Rxc7+ 37. dxc7 Kb7 38. Rc5 Kc8 39. Bb6 g3 40. Rf5 g2 41. Rxf6 Rf1 42. Rf8+ Kb7 43. c8=Q+ Kxb6 44. Rf6+ Ka5 45. Qxa6+ Kb4 46. Qb5+ Ka3 47. Qb3# 1-0


[Site "https://www.chess.com"]

[Event "Titled Tuesday Blitz August 17 2021"]
[White "Shahaliyev, Ismayil"]
[Black "Guliev, Logman"]
[WhiteFideId "13406388"]
[BlackFideId "13400061"]
[WhiteElo "2105"]
[BlackElo "2128"]
[Result "1-0"]
[Round "04"]
[TimeControl "180+1"]
[Date "2021.08.17"]
[WhiteClock "0:01:10"]
[BlackClock "0:00:59"]

1. Nf3 c5 2. g3 d5 3. Bg2 Nf6 4. c4 e6 5. cxd5 exd5 6. d4 Nc6 7. Nc3 h6 8. O-O Be7 9. b3 O-O 10. Bb2 Bg4 11. dxc5 Bxc5 12. Rc1 Re8 13. h3 Be6 14. e3 Ne4 15. Nxe4 dxe4 16. Rxc5 exf3 17. Qxf3 Qd2 18. Bc3 Qxa2 19. b4 a6 20. g4 Rad8 21. g5 Bd5 22. Qg4 Bxg2 23. gxh6 g6 24. h7+ Kxh7 25. Qh4+ 1-0


[Site "https://www.chess.com"]

[Event "Titled Tuesday Blitz August 17 2021"]
[White "Shapiro, David"]
[Black "Nesterov, Arseniy"]
[WhiteFideId "24133523"]
[BlackFideId "24198455"]
[WhiteElo "2234"]
[BlackElo "2477"]
[Result "1-0"]
[Round "04"]
[TimeControl "180+1"]
[Date "2021.08.17"]
[WhiteClock "0:00:42"]
[BlackClock "0:00:02"]

1. d4 d5 2. Bf4 Nf6 3. Nc3 g6 4. e3 Bg7 5. h4 h5 6. Nf3 O-O 7. Be2 c5 8. Ne5 cxd4 9. exd4 Nc6 10. Qd2 Bd7 11. O-O-O Rc8 12. Bh6 Bxh6 13. Qxh6 Nxe5 14. dxe5 Ng4 15. Bxg4 Bxg4 16. f3 Be6 17. g4 Rxc3 18. bxc3 Qa5 19. gxh5 Qa3+ 20. Kd2 d4 21. cxd4 Rc8 22. hxg6 Qb4+ 23. Ke3 Qc3+ 24. Rd3 1-0


[Site "https://www.chess.com"]

[Event "Titled Tuesday Blitz August 17 2021"]
[White "Shimanov, Aleksandr"]
[Black "Poormosavi, Seyed Kian"]
[WhiteFideId "4198603"]
[BlackFideId "12585807"]
[WhiteElo "2596"]
[BlackElo "2134"]
[Result "1-0"]
[Round "04"]
[TimeControl "180+1"]
[Date "2021.08.17"]
[WhiteClock "0:00:33"]
[BlackClock "0:00:13"]

1. b3 Nc6 2. Bb2 e5 3. c4 f5 4. e3 Nf6 5. d4 Bb4+ 6. Nd2 exd4 7. exd4 O-O 8. d5 Re8+ 9. Be2 Ne5 10. Bxe5 Rxe5 11. Nf3 Re8 12. O-O Ne4 13. Bd3 d6 14. Qc2 Nxd2 15. Nxd2 Qf6 16. Nf3 a5 17. a3 Bc5 18. Qc1 Bd7 19. Rb1 Bb6 20. Re1 Rxe1+ 21. Qxe1 Re8 22. Qd2 g5 23. Qxg5+ Qxg5 24. Nxg5 Kg7 25. Kf1 h6 26. Nf3 Kf6 27. Re1 Rxe1+ 28. Kxe1 Be8 29. Nh4 Bd7 30. f4 a4 31. bxa4 Bc5 32. Bc2 Bxa3 33. g3 Bc5 34. Kf1 Bd4 35. Ke2 Bc5 36. Kf1 Bd4 37. Kg2 Bc5 38. Kf3 Bc8 39. Ng2 Bd7 40. Ne3 Bc8 41. h3 Bd7 42. Ng2 Bd4 43. Nh4 Bc5 44. g4 fxg4+ 45. hxg4 Bd4 46. Kg3 Bc3 47. Nf3 Kg7 48. g5 hxg5 49. fxg5 Bb2 50. Kh4 Bc1 51. Kh5 Be8+ 52. Kg4 Bd7+ 53. Kh5 Be8+ 54. g6 Be3 55. Nh4 Bd7 56. Ng2 Bd2 57. Nh4 Be3 58. Nf3 Be8 59. Ng5 Bxg5 60. Kxg5 Bd7 61. a5 b6 62. a6 Bc8 63. a7 Bb7 64. Ba4 1-0


[Site "https://www.chess.com"]

[Event "Titled Tuesday Blitz August 17 2021"]
[White "Shimelkov, Vasiliy"]
[Black "Itgelt, Khuyagtsogt"]
[WhiteFideId "13701630"]
[BlackFideId "4902912"]
[WhiteElo "2073"]
[BlackElo "2012"]
[Result "1/2-1/2"]
[Round "04"]
[TimeControl "180+1"]
[Date "2021.08.17"]
[WhiteClock "0:00:10"]
[BlackClock "0:00:01"]

1. d4 Nf6 2. c4 e6 3. Nf3 d5 4. Nc3 Bb4 5. Bg5 h6 6. Bxf6 Qxf6 7. e3 O-O 8. Bd3 dxc4 9. Bxc4 c5 10. O-O cxd4 11. exd4 Bxc3 12. bxc3 Nd7 13. Bb3 b6 14. Re1 Bb7 15. Ne5 Nxe5 16. Rxe5 Rfd8 17. Qe2 Rac8 18. Qe3 Qg6 19. f3 Bd5 20. Re1 Bxb3 21. axb3 Qc2 22. c4 Qb2 23. d5 exd5 24. cxd5 Rc2 25. Re8+ Rxe8 26. Qxe8+ Kh7 27. Qe4+ g6 28. f4 Rd2 29. Qf3 Qd4+ 30. Kh1 Qxd5 31. Qg4 h5 32. Qg3 Rd1 33. h3 Kg7 34. b4 Rxe1+ 35. Qxe1 a5 36. Qc3+ Kh7 37. bxa5 bxa5 38. Qa3 Qb5 39. Kh2 Qb4 40. Qf3 Qc4 41. f5 a4 42. fxg6+ fxg6 43. Qb7+ Kh6 44. Qa7 Qb4 45. Qe3+ Kg7 46. Qa7+ Kf6 47. Qa6+ Kf5 48. Qc8+ Ke5 49. Qh8+ Kd5 50. Qg8+ Kc5 51. Qxg6 Qf4+ 52. Kg1 h4 53. Qh5+ Kd4 54. Qa5 Ke3 55. Qe1+ Kd4 56. Qb4+ Ke5 57. Qe7+ Kd5 58. Qd7+ Qd6 59. Qxa4 Qc5+ 60. Kh2 Qc7+ 61. Kg1 Qc1+ 62. Kh2 Qc7+ 63. Kg1 Qc1+ 64. Kh2 Qc7+ 1/2-1/2


[Site "https://www.chess.com"]

[Event "Titled Tuesday Blitz August 17 2021"]
[White "Silich, Yahor"]
[Black "Idrisov, Ildar F"]
[WhiteFideId "13513656"]
[BlackFideId "4151020"]
[WhiteElo "2142"]
[BlackElo "2209"]
[Result "1-0"]
[Round "04"]
[TimeControl "180+1"]
[Date "2021.08.18"]
[WhiteClock "0:00:11"]
[BlackClock "0:00:01"]

1. e4 c6 2. d4 d5 3. exd5 cxd5 4. Bd3 Nf6 5. c3 Nc6 6. Bf4 g6 7. Nf3 Bg7 8. O-O O-O 9. Nbd2 Bf5 10. Bxf5 gxf5 11. Re1 Ne4 12. Nf1 Qb6 13. Qe2 Rad8 14. Ng3 Nxg3 15. hxg3 e6 16. Rab1 Qa6 17. Qxa6 bxa6 18. Nd2 Rd7 19. Nb3 a5 20. Nc5 Rdd8 21. a3 Bf6 22. b4 Be7 23. Nd3 Rc8 24. Rec1 f6 25. f3 Kf7 26. Kf2 h5 27. Ke3 Rh8 28. c4 axb4 29. axb4 dxc4 30. Rxc4 Nxd4 31. Rxd4 e5 32. Bxe5 fxe5 33. Nxe5+ Ke6 34. Nd3 Bf6 35. Nf4+ Ke7 36. Nd5+ Ke6 37. Nxf6 Kxf6 38. Ra1 Rhe8+ 39. Kf4 Re6 40. Ra5 Rc2 41. Rxf5+ Kg6 42. Rg5+ Kh6 43. Rgd5 Rxg2 44. Rd6 Rxd6 45. Rxd6+ Kg7 46. Rd7+ Kg6 47. Rxa7 Rb2 48. Ra6+ Kg7 49. Rb6 h4 50. gxh4 Kf7 51. Rb7+ Kg6 52. b5 Rb4+ 53. Kg3 1-0


[Site "https://www.chess.com"]

[Event "Titled Tuesday Blitz August 17 2021"]
[White "Silva, Kevin Ranidu"]
[Black "Kavyev, Ruslan"]
[WhiteFideId "9935258"]
[BlackFideId "34110981"]
[WhiteElo "1626"]
[BlackElo "2172"]
[Result "0-1"]
[Round "04"]
[TimeControl "180+1"]
[Date "2021.08.18"]
[WhiteClock "0:00:41"]
[BlackClock "0:00:19"]

1. Nf3 Nf6 2. d4 g6 3. c4 Bg7 4. Nc3 O-O 5. e4 d6 6. Be2 e5 7. O-O Nc6 8. d5 Ne7 9. b4 Nh5 10. g3 f5 11. Nd2 Nf6 12. f3 f4 13. c5 fxg3 14. hxg3 Nh5 15. Kg2 g5 16. Nc4 Ng6 17. Nb5 a6 18. Nc3 Ngf4+ 19. gxf4 gxf4 20. Rh1 Qg5+ 21. Kf2 Qg3+ 22. Kf1 Bh3+ 23. Rxh3 Qxh3+ 24. Ke1 Rf6 25. Kd2 Rg6 26. Kc2 Rg2 27. Kb3 Ng3 28. Bd3 Bf8 29. cxd6 cxd6 30. a4 Rc8 31. Bb2 Qh2 32. Rb1 h5 33. b5 h4 34. Nb6 Rd8 35. bxa6 bxa6 36. a5 Rd2 37. Qe1 Rxd3 38. Rd1 Rxd1 39. Qxd1 h3 0-1


[Site "https://www.chess.com"]